 Dungeon Crawl Stone Soup version 0.21.1 (webtiles) character file.

52 Jerry the Slasher (level 3, 0/29 HPs)
             Began as a Demonspawn Chaos Knight on Feb 2, 2018.
             Slain by a worm (4 damage)
             ... on level 3 of the Dungeon.
             The game lasted 00:02:04 (1874 turns).

Jerry the Slasher (Demonspawn Chaos Knight)         Turns: 1874, Time: 00:02:05

Health: 0/29       AC:  5    Str: 13    XL:     3   Next: 60%
Magic:  3/3        EV: 11    Int: 13    God:    Xom [..*...]
Gold:   83         SH:  0    Dex: 12    Spells: 2/2 levels left

rFire    . . .     SeeInvis .   a - +0 falchion (chaos)
rCold    . . .     Gourm    .   (no shield)
rNeg     . . .     Faith    .   b - +2 leather armour
rPois    .         Spirit   .   (no helmet)
rElec    .         Reflect  .   (no cloak)
rCorr    .         Harm     .   (no gloves)
MR       .....                  (no boots)
Stlth    ++........             (no amulet)
HPRegen  0.09/turn              (no ring)
MPRegen  0.08/turn              (no ring)

@: no status effects
A: nightstalker 1, spiny 1
a: Renounce Religion


You were on level 3 of the Dungeon.
You worshipped Xom.
You were a toy of Xom.
You were not hungry.

You visited 1 branch of the dungeon, and saw 3 of its levels.

You collected 83 gold pieces.

Inventory:

Hand Weapons
 a - a +0 falchion of chaos (weapon)
Armour
 b - a +2 leather armour (worn)
Wands
 k - a wand of flame (27)
Scrolls
 e - 2 scrolls of teleportation {unknown}
 f - a scroll of identify {unknown}
 m - a scroll of enchant armour {unknown}
 p - a scroll of enchant weapon {unknown}
Potions
 d - 2 potions of curing {unknown}
 g - a potion of ambrosia {unknown}
 h - a potion of resistance {unknown}
 i - 2 potions of degeneration {unknown}
 j - 2 potions of lignification {unknown}
 l - a potion of cancellation {unknown}
 n - a potion of agility {unknown}
 o - a potion of heal wounds {unknown}
Comestibles
 c - 5 rations


   Skills:
 + Level 3.3 Fighting
 * Level 3.3 Long Blades
 + Level 2.2 Armour
 + Level 1.5 Dodging


You had 2 spell levels left.
You didn't know any spells.

Dungeon Overview and Level Annotations

Branches:
Dungeon (3/15)

Altars:
Ashenzari
Fedhas


Innate Abilities, Weirdness & Mutations

You are slightly more attuned to the shadows.
You are partially covered in sharp spines.


Message History

The jackal bites you but does no damage.
You slash the jackal!
You kill the jackal!
You hit the worm.
The worm goes berserk!
The worm is moderately wounded.
The worm is struck by your spines. The worm bites you!
Ouch! That really hurt!
You are too injured to fight recklessly!
You barely miss the worm.
The worm is moderately wounded.
The worm is struck by your spines. The worm bites you but does no damage.
You hit the worm.
The worm is moderately wounded.
The worm is struck by your spines. The worm bites you!
* * * LOW HITPOINT WARNING * * *
You hit the worm. You freeze the worm.
The worm is heavily wounded.
The worm is struck by your spines. The worm bites you.
You die... "I guess I need a new plaything now."

... ... ..
..######..#
#.#..<>..#
#.#@####.#
#.#w# #..h#
#.### ####
##.#
...###..#
#.#....#
####......#
#.....###.#


You could see a worm (berserk) and a jackal.

Vanquished Creatures
  An adder (D:2)
  2 worms (D:2)
  A dart slug (D:2)
  5 bats (D:1)
  2 giant cockroaches
  3 hobgoblins
  3 jackals (D:3)
  6 kobolds
  A quokka (D:2)
  5 frilled lizards
  3 goblins (D:2)
  2 rats
34 creatures vanquished.

Notes
Turn   | Place    | Note
-------+----------+-------------------------------------------
     0 | D:1      | Jerry the Demonspawn Chaos Knight began the quest for the Orb.
     0 | D:1      | Reached XP level 1. HP: 18/18 MP: 1/1
    82 | D:1      | Reached skill level 1 in Dodging
   128 | D:1      | XOM: harmless Tmut miscast
   179 | D:1      | XOM: potion effect (heal wounds)
   190 | D:1      | Gained mutation: You are partially covered in sharp spines. [demonic ancestry]
   190 | D:1      | Reached XP level 2. HP: 23/24 MP: 2/2
   599 | D:1      | XOM: divination: detect creatures
   750 | D:2      | Found a shattered altar of Ashenzari.
   791 | D:2      | XOM: harmless Air miscast
   808 | D:2      | Found a blossoming altar of Fedhas.
   827 | D:2      | Gained mutation: You are slightly more attuned to the shadows. [demonic ancestry]
   827 | D:2      | Reached XP level 3. HP: 26/29 MP: 3/3
   897 | D:2      | XOM: divination: magic mapping
   942 | D:2      | Found a faded altar of an unknown god.
  1874 | D:3      | Slain by a worm

Skill      XL: |  1  2 |
---------------+-------+-----
Dodging        | 1 |  1.5
Long Blades    | 3 |  3.3
Armour         | 2 |  2.2
Fighting       | |  3.3

Action                   || total
-------------------------++-------
Melee: Falchion          ||    90
 Stab: Sleeping          ||     1
       Petrified         ||     5
       Confused          ||     1
       Paralysed         ||     1
  Eat: Chunk             ||     3
Armor: Leather armour    ||    44
Dodge: Dodged            ||    42
       Rpst.: Falchion   ||    13
